AoeStats
← Schantiiniiii

MegaRandom

507478569Analyzed
2v2 RM · 12d ago on Sep 18, 2026· 58m 47s· 4 players
Game mode
Random Map
Map size
Medium (4 player)
Population
200
Speed
Normal
Resources
Standard
Victory
Conquest
Starting age
Dark Age
Ending age
Imperial Age
RankedLock teamsTeams togetherTeam positionsShared explorationLock speedFull tech treeHidden civsTurbo modeCheats
Victory
Defeat
🇩🇪 Vietnamese · Germany
1655
+14
🇨🇭 Spanish · Switzerland
1629
+15
🇨🇳 Ethiopians · China
1615
-15
🇨🇳 Byzantines · China
1610
-14
Player86688262
3:33 Loom
11:52 Feudal Age
13:41 Fletching
13:52 Padded Archer Armor
13:45 Double-Bit Axe
16:09 Castle Age
15:15 Padded Archer Armor
16:14 Crossbowman
17:12 Bodkin Arrow
28:40 Ballistics
34:36 Wheelbarrow
36:51 Bow Saw
42:16 Imperial Age
45:45 Leather Archer Armor
45:07 Elite Skirmisher
46:58 Bracer
46:59 Horse Collar
49:39 Chemistry
52:10 Ring Archer Armor
54:12 Arbalester
55:26 Thumb Ring
mongo
13:34 Feudal Age
17:34 Castle Age
15:54 Horse Collar
17:23 Scale Barding Armor
18:17 Double-Bit Axe
18:58 Husbandry
20:30 Bow Saw
22:14 Loom
22:47 Forging
26:01 Chain Barding Armor
31:11 Wheelbarrow
30:27 Fletching
31:37 Elite Skirmisher
32:48 Bodkin Arrow
34:58 Gold Mining
35:03 Stone Mining
37:50 Imperial Age
39:09 Iron Casting
39:14 Plate Barding Armor
38:04 Cavalier
45:16 Padded Archer Armor
46:45 Caravan
48:46 Paladin
52:33 Hand Cart
{ BP } Käpt`n Iglo
2:40 Loom
11:04 Feudal Age
11:55 Double-Bit Axe
11:53 Fishing Lines
15:20 Castle Age
13:26 Stone Mining
13:28 Gold Mining
16:32 Bow Saw
16:15 Gillnets
17:32 Wheelbarrow
17:30 Fletching
18:39 Bodkin Arrow
21:22 Hand Cart
20:53 Town Watch
22:15 Padded Archer Armor
27:40 Ballistics
33:03 Imperial Age
33:48 Bracer
35:10 Chemistry
40:03 Thumb Ring
46:05 Leather Archer Armor
47:54 Elite Rattan Archer
53:22 Ring Archer Armor
Schantiiniiii
5:57 Loom
10:21 Feudal Age
14:38 Castle Age
17:01 Town Watch
17:11 Double-Bit Axe
27:08 Padded Archer Armor
36:49 Leather Archer Armor
38:44 Gold Mining
39:12 Horse Collar
40:21 Bloodlines
41:41 Ballistics
41:30 Husbandry
44:28 Stone Mining
47:49 Imperial Age
45:57 Wheelbarrow
45:27 Heavy Plow
46:11 Fletching
46:30 Herbal Medicine
48:26 Bodkin Arrow
48:44 Light Cavalry
50:01 Bow Saw
50:15 Scale Barding Armor
51:24 Chain Barding Armor
50:26 Hussar
51:26 Forging
50:46 Elite Skirmisher
52:13 Coinage
51:45 Caravan
52:49 Plate Barding Armor
52:51 Iron Casting
52:36 Masonry
53:27 Chemistry
53:47 Imperial Skirmisher
54:57 Fortified Wall
54:40 Guard Tower
58:51 Blast Furnace
59:57 Ring Archer Armor
Connection lost

Rejoining the realm…

Still unreachable

The connection could not be restored.

Session expired

The server has moved on; the page needs a fresh start.